 Dungeon Crawl Stone Soup version 0.31.0 (webtiles) character file.

Game seed: 12814772035115774073

2251 dorian the Ruffian (level 9, 0/60 HPs)
             Began as an Octopode Shapeshifter on Jan 19, 2024.
             Killed from afar by a white imp (9 damage)
             ... with a puff of frost
             ... on level 7 of the Dungeon.
             The game lasted 00:11:33 (7248 turns).

dorian the Ruffian (Octopode Shapeshifter)          Turns: 7248, Time: 00:11:34

Health: 0/60       AC:  1    Str: 17    XL:     9   Next: 37%
Magic:  9/9        EV: 15    Int: 13    God:
Gold:   51         SH:  5    Dex: 17    Spells: 8/8 levels left

rFire   . .          .
                       - Unarmed
rCold   . . .        (no shield)
rNeg    . . .        (helmet currently unavailable)
rPois   .            r - amulet of reflection
rElec   .            f - +6 ring of dexterity
rCorr   .            (no ring)
SInv    .            (no ring)
Will    .....        (no ring)
Stlth   +++          (no ring)
HPRegen 0.30/turn    (no ring)
MPRegen 0.11/turn    (no ring)
                     (no ring)

%: reflection
@: lethally poisoned (0 -> -6), beast-form
A: beast (slay +4), almost no armour, amphibious, 8 rings, camouflage 1,
gelatinous body 1, (nimble swimmer 1), tentacles
a: Begin Untransformation


You were on level 7 of the Dungeon.
You were a hulking beast.
You visited 1 branch of the dungeon, and saw 7 of its levels.

You collected 304 gold pieces.
You spent 253 gold pieces at shops.

Inventory:

Missiles
 g - 2 throwing nets (quivered)
 n - 2 boomerangs
Jewellery
 f - a +6 ring of dexterity (left tentacle)
 h - an amulet of magic regeneration
 p - a ring of ice
 r - an amulet of reflection (around mantle)
Talismans
 a - a storm talisman
 b - a beast talisman
 c - a flux talisman
Potions
 d - a potion of might
 e - a potion of enlightenment
 i - a potion of degeneration
 j - a potion of berserk rage {unknown}
 k - a potion of brilliance {unknown}
 l - a potion of haste {unknown}
 m - a potion of experience {unknown}
 q - 3 potions of curing
 s - a potion of attraction
 u - a potion of invisibility
 w - a potion of heal wounds


   Skills:
 + Level 4.8 Fighting
 + Level 5.1 Dodging
 * Level 7.8 Unarmed Combat
 * Level 7.2 Shapeshifting


You had 8 spell levels left.
You didn't know any spells.
Your spell library contained the following spells:

 Spells                   Type           Power      Damage    Failure   Level
 Apportation              Tloc           0%         N/A       30%         1
 Call Imp                 Summ           0%         N/A       43%         2
 Jinxbite                 Hex            0%         N/A       43%         2
 Sublimation of Blood     Necr           0%         N/A       43%         2
 Frozen Ramparts          Ice            0%         1d1       67%         3
 Leda's Liquefaction      Alch/Erth      0%         N/A       97%         4
 Petrify                  Alch/Erth      0%         N/A       97%         4
 Alistair's Intoxication  Alch           0%         N/A       100%        5
 Metabolic Englaciation   Hex/Ice        0%         N/A       100%        5
 Summon Hydra             Summ           0%         N/A       100%        7


Dungeon Overview and Level Annotations

Branches:
Dungeon (7/15) Zot: 26476
 Temple: D:4-7

Altars:
Fedhas

Shops:
D:7 !

Annotations:
D:2 1 runed translucent door, Crazy Yiuf


Innate Abilities, Weirdness & Mutations

You are a hulking beast.
Your limbs bulge with bestial killing power. (Slay +4)
You cannot wear most types of armour.
You are amphibious.
You can wear up to eight rings at the same time.
Your skin changes colour to match your surroundings (Stealth+).
Your rubbery body absorbs attacks. (AC +1, EV +1)
((You are camouflaged when in or above water. (Stealth+)))
You have tentacles for arms and can constrict up to eight enemies at once.


Message History

Something hits you. Something shocks you.
You bludgeon something!
The orc shouts!
You hear a shout!
An orc comes into view. It is wielding a +1 dagger of venom.
Something hits you. Something shocks you.
An orc comes into view. It is wielding a +0 vampiric dagger.
You hear a shout!
The orc shouts!
You bludgeon something! Your squeeze misses something.
An orc comes into view. It is wielding a +0 club.
Something hits you. Something shocks you.
You bludgeon something!
Reactivating autopickup.
You feel a bit more experienced.
The orc throws a boomerang.
The boomerang hits you.
There is an open door here.
The orc throws a boomerang.
You block the boomerang with an invisible shield... and reflect it back!
The boomerang barely misses the orc.
As you read the scroll of teleportation, it crumbles to dust.
You feel strangely unstable. The scorpion stings you.
The scorpion attacks as it pursues you! The scorpion barely misses you.
You block the scorpion's attack.
Your surroundings suddenly seem different.
An orc and a white imp come into view.
Found 2 scrolls of revelation.
The orc shouts!
The killer bee buzzes angrily.
The white imp hits you. The white imp freezes you.
The killer bee buzzes angrily.
As you read the scroll labelled JYWNER GORGH, it dissolves into smoke.
It was a scroll of fog.
The killer bee stings you!
* * * LOW HITPOINT WARNING * * *
The killer bee stings you.
* * * LOW HITPOINT WARNING * * *
The killer bee stings you.
* * * LOW HITPOINT WARNING * * *
You are poisoned.
The killer bee poisons you! The white imp gestures at you.
The puff of frost hits you!
You die...

#....#. #.#######
#....#) # ........#
#....#. #'#####'#......
......#.
......................#.
......................#.
......§§..........#####.
....o.§yy...... ..
.....§§hy§..... ##
?.....§y5§..... #
......§........ ##
#########...... #.
...... #. ###### #. #.
#. #.


You could see 4 killer bees, a white imp and an orc.

Vanquished Creatures
  Pikel (D:6)
  A steam dragon (D:7)
  A water moccasin (D:5)
  A sky beast (D:7)
  A black bear (D:5)
  An ogre (D:4)
  A phantom (D:5)
  2 lemures
  A bullfrog (D:7)
  Blork the orc (D:6)
  4 scorpions
  A killer bee (D:6)
  4 bombardier beetles
  2 orc priests
  A hound (D:6)
  6 iguanas
  2 sleepcaps
  4 orc wizards
  3 gnolls (D:3)
  6 adders
  2 shadow imps (D:6)
  3 white imps
  4 ufetubi
  2 dart slugs
  A ribbon worm (D:3)
  21 orcs
  6 endoplasms
  4 giant cockroaches
  8 goblins
  10 hobgoblins
  2 jackals (D:5)
  5 quokkas
  5 ball pythons
  A bat (D:2)
  7 frilled lizards
  11 kobolds
  4 rats
140 creatures vanquished.

Notes
Turn   | Place    | Note
-------+----------+-------------------------------------------
     0 | D:1      | dorian the Octopode Shapeshifter began the quest for the
                  | Orb.
     0 | D:1      | Reached XP level 1. HP: 13/13 MP: 1/1
   335 | D:1      | Reached XP level 2. HP: 13/18 MP: 2/2
  1043 | D:2      | Reached XP level 3. HP: 23/23 MP: 3/3
  1055 | D:2      | Found a faded altar of an unknown god.
  1208 | D:2      | Found a runed translucent door.
  1209 | D:2      | Noticed Crazy Yiuf
  2044 | D:3      | Reached XP level 4. HP: 20/28 MP: 4/4
  2396 | D:3      | Reached XP level 5. HP: 33/34 MP: 5/5
  2912 | D:4      | Reached XP level 6. HP: 14/39 MP: 6/6
  3668 | D:5      | Entered Level 5 of the Dungeon
  3674 | D:4      | Reached skill level 5 in Unarmed Combat
  3973 | D:5      | Noticed a water moccasin
  4055 | D:5      | Killed a water moccasin
  4056 | D:5      | Reached XP level 7. HP: 30/45 MP: 7/7
  4144 | D:5      | Reached skill level 5 in Shapeshifting
  4768 | D:5      | Reached XP level 8. HP: 42/52 MP: 8/8
  4926 | D:5      | Identified the +0 ring mail of Recklessness {rF+ Will-
                  | Regen+ Int+8}
  5407 | D:6      | Noticed Pikel
  5891 | D:6      | Killed Pikel
  5892 | D:6      | Reached XP level 9. HP: 59/59 MP: 9/9
  5978 | D:6      | Noticed Blork the orc
  6003 | D:6      | Killed Blork the orc
  6028 | D:6      | Identified the +0 scale mail of Submission {Int+3}
  6608 | D:6      | Found a blossoming altar of Fedhas.
  6910 | D:7      | Reached skill level 5 in Dodging
  6982 | D:7      | Found Ysmof's Distillery.
  6991 | D:7      | Bought a potion of heal wounds for 55 gold pieces
  6991 | D:7      | Bought a potion of curing for 33 gold pieces
  6991 | D:7      | Bought a potion of curing for 33 gold pieces
  6991 | D:7      | Bought a potion of might for 44 gold pieces
  6991 | D:7      | Bought a potion of invisibility for 88 gold pieces
  7248 | D:7      | Killed from afar by a white imp

Illustrated notes

Levels and vault maps discovered:
D:1:      minmay_arrival_arboretum_large, layout_basic
D:2:      layout_basic, shapermc_ecumenical_altar_mp_ritualfount,
          uniq_crazy_yiuf_cottage
D:3:      layout_basic
D:4:      layout_rooms
D:5:      minmay_octagon_keep, layout_loops_ring
D:6:      layout_cave_pods, fedhas_altar_4, uniq_blork_the_orc, uniq_pikel
D:7:      layout_basic, minmay_temple_entry_statues_pillars, serial_shops, shop

Skill      XL: |  1  2  3  4  5  6  7  8  9 |
---------------+----------------------------+-----
Unarmed Combat | 4 5 7 |  7.8
Fighting       | 2 3 4 |  4.8
Shapeshifting  | 4 5 6 7 |  7.2
Dodging        | 3 4 5 |  5.1

Action                     |  1- 3 |  4- 6 |  7- 9 || total
---------------------------+-------+-------+-------++-------
  Melee: Unarmed           |    80 |    88 |   179 ||   347
         Constrict         |    14 |    19 |    43 ||    76
         Tentacles         |    11 |    17 |    44 ||    72
         Punch             |       |     1 |    10 ||    11
    Use: Scroll            |       |     9 |     5 ||    14
         Potion            |       |       |     1 ||     1
   Stab: Sleeping          |     6 |     2 |       ||     8
         Distracted        |       |     2 |       ||     2
 Armour: Skin              |    33 |    31 |    80 ||   144
  Dodge: Dodged            |    47 |    32 |    84 ||   163
  Block: Other             |       |    11 |    23 ||    34
         Reflection        |       |       |     1 ||     1
